 Dungeon Crawl Stone Soup version 0.17-a0-1399-gd5b76e1 (webtiles) character file.

971 ololoev the Slasher (level 7, -3/50 HPs)
             Began as a Mummy Skald on June 18, 2015.
             Was an Initiate of Yredelemnul.
             Slain by a gnoll
             ... wielding a +0 halberd
              (5 damage)
             ... on level 5 of the Dungeon.
             The game lasted 00:18:53 (8626 turns).

ololoev the Slasher (Mummy Skald)                   Turns: 8626, Time: 00:18:53

Health: -3/50      AC: 11    Str: 17    XL:     7   Next: 94%
Magic:  10/10      EV:  9    Int: 12    God:    Yredelemnul [......]
Gold:   201        SH:  0    Dex: 11    Spells: 3 memorised, 4 levels left

rFire  x . .     SeeInvis .     b - +0 scimitar
rCold  + . .     Clarity  .     j - +1 scale mail
rNeg   + + +     SustAt   .     (no shield)
rPois  ∞         Gourm    .     (no helmet)
rElec  .         Spirit   .     (no cloak)
rCorr  .         Warding  .     (no gloves)
rMut   .         Stasis   .     e - +2 pair of boots
MR     .....                    (no amulet)
Stlth  ..........               (no ring)
                                a - ring of flight

@: glowing, not resistant to hostile enchantments, extremely unstealthy
A: no food or potions, fire vulnerability, cold resistance 1, negative energy
resistance 3, torment resistance, unbreathing
a: Renounce Religion, Evoke Flight


Innate Abilities, Weirdness & Mutations

You do not eat or drink.
Your flesh is vulnerable to fire.
You are immune to poison.
Your flesh is cold resistant.
You are immune to negative energy.
You are immune to unholy pain and torment.
You can survive without breathing.

Inventory:

Hand weapons
 b - a +0 scimitar (weapon)
Missiles
 f - a throwing net (quivered)
Armour
 e - a +2 pair of boots (worn)
 j - a +1 scale mail (worn)
Jewellery
 a - a ring of flight (left hand)
Magical devices
 c - a wand of invisibility (1)
Scrolls
 d - a scroll of identify
 h - 2 scrolls of remove curse


   Skills:
 - Level 2.0 Fighting
 + Level 6.3 Long Blades
 + Level 4.4 Armour
 - Level 0.7 Dodging
 - Level 2.0 Spellcasting
 - Level 2.4 Charms


You had 4 spell levels left.
You knew the following spells:

 Your Spells              Type           Power        Failure   Level  Hunger
a - Infusion              Chrm           #.....       38%         1    N/A
b - Song of Slaying       Chrm           #.......     61%         2    N/A
c - Spectral Weapon       Hex/Chrm       #.......     98%         3    N/A


You were on level 5 of the Dungeon.
You worshipped Yredelemnul.
Yredelemnul was noncommittal.
You were not hungry.

You visited 2 branches of the dungeon, and saw 7 of its levels.

You collected 201 gold pieces.

#########.####.####.# #..
#.# #.# #.# ### #.# #.#
#.# #<# #.. .# #.# ### #
#.# # #.#### ########
#....###### # .......#
##..#Wg@...# #
######.###....g####.# # #
#.....###### ### # #
#####.####8###8### # #
####8...8...8### # #
####.........#### # ######
#.#>......)(._#.# ##
.....### #.##.........##.#
#.
.......###.##8...8...8##.#
##

Notes
Turn   | Place    | Note
--------------------------------------------------------------
     0 | D:1      | ololoev the Mummy Skald began the quest for the Orb.
     0 | D:1      | Reached XP level 1. HP: 16/16 MP: 3/3
    58 | D:1      | Reached skill level 1 in Armour
    93 | D:1      | Reached XP level 2. HP: 11/22 MP: 5/5
   950 | D:2      | Reached XP level 3. HP: 24/27 MP: 6/6
   972 | D:1      | Learned a level 2 spell: Song of Slaying
   976 | D:1      | Learned a level 3 spell: Spectral Weapon
  1072 | D:2      | Found a sparkling altar of Nemelex Xobeh.
  1091 | D:2      | Found a shimmering altar of Xom.
  1191 | D:2      | Found a snail-covered altar of Cheibriados.
  1225 | D:2      | Reached skill level 3 in Long Blades
  1604 | D:2      | HP: 1/27 [worm (9)]
  1890 | D:2      | Reached XP level 4. HP: 23/33 MP: 7/7
  2487 | D:2      | Found a blossoming altar of Fedhas.
  3376 | D:3      | Found a white marble altar of Elyvilon.
  3560 | D:3      | Reached XP level 5. HP: 38/38 MP: 8/8
  3791 | D:3      | Reached skill level 4 in Long Blades
  4167 | D:4      | Noticed Sigmund
  4354 | D:4      | Killed Sigmund
  4354 | D:4      | Reached XP level 6. HP: 15/44 MP: 9/9
  4657 | D:4      | Found an ancient bone altar of Kikubaaqudgha.
  4716 | D:4      | Found a white marble altar of Elyvilon.
  4716 | D:4      | Noticed an angel
  4717 | D:4      | Found a runed door.
  4749 | D:4      | Noticed Blork the orc
  4779 | D:4      | Killed Blork the orc
  4779 | D:4      | Reached skill level 5 in Long Blades
  4942 | D:4      | Found a deep blue altar of Sif Muna.
  5282 | D:5      | Entered Level 5 of the Dungeon
  5397 | D:5      | Noticed Aiteri's ghost (experienced SpEn)
  5525 | D:5      | Noticed Pikel
  5728 | D:4      | HP: 2/44 [slave[Pikel] (3)]
  6130 | D:4      | Reached XP level 7. HP: 37/50 MP: 10/10
  6666 | D:6      | Reached skill level 6 in Long Blades
  6839 | D:6      | Got a translucent trident
  6840 | D:6      | Identified the +4 trident of Devotion {drain, *Confuse Str+8 Int+3} (You found it on level 6 of the Dungeon)
  7091 | D:6      | Found a staircase to the Ecumenical Temple.
  7194 | Temple   | Entered the Ecumenical Temple
  7436 | Temple   | Became a worshipper of Yredelemnul the Dark
  7496 | D:5      | Found a glowing golden altar of the Shining One.
  8536 | D:5      | HP: 1/50 [gnoll (3)]
  8621 | D:5      | HP: 2/50 [gnoll/halberd (4)]
  8626 | D:5      | Slain by a gnoll

Dungeon Overview and Level Annotations

Branches:
Dungeon (6/15)             Temple (1/1) D:6

Altars:
Ashenzari
Cheibriados
Dithmenos
Elyvilon
Fedhas
Gozag
Kikubaaqudgha
Makhleb
Nemelex Xobeh
Qazlal
Sif Muna
Trog
Xom
Yredelemnul
Zin
The Shining One

Annotations:
D:4 1 runed door
D:5 Aiteri's ghost, experienced SpEn; Pikel


Message History

Aiteri's ghost gestures at you while chanting.
You are confused.
You bump into the rock wall.
Aiteri's ghost gestures at you while chanting.
You are more confused.
You bump into the rock wall.
Aiteri's ghost hits you.
You bump into the rock wall.
Aiteri's ghost closely misses you.
You bump into the rock wall.
Aiteri's ghost hits you but does no damage.
Aiteri's ghost points at you and mumbles some strange words.
You resist with some effort.
You bump into the rock wall.
You miss Aiteri's ghost.
Aiteri's ghost hits you but does no damage. x2
You bump into the rock wall.
Aiteri's ghost points at you and mumbles some strange words.
You resist with some effort.
You completely miss Aiteri's ghost.
You feel less confused.
Aiteri's ghost hits you but does no damage.
Aiteri's ghost hits you but does no damage.
A goblin comes into view.
Aiteri's ghost gestures at you while chanting.
You are outlined in light.
The goblin hits you but does no damage. The gnoll hits you but does no damage.
The goblin hits you but does no damage.
The gnoll hits you from afar with a halberd.
Aiteri's ghost hits you. The goblin hits you but does no damage.
The goblin barely misses you.
Read which item? (? for menu, Esc to quit)
Okay, then.
Throwing (i - inventory):
f - 2 throwing nets (quivered)
Press: ? - help, Shift-Dir - straight line, f - gnoll
Aim: a gnoll, wielding a halberd You throw a throwing net.
The throwing net hits the goblin.
The goblin is caught in the net!
The gnoll hits you from afar with a halberd.
You die...
Yredelemnul claims you as an undead slave.

You could see Aiteri's ghost, a gnoll and a goblin (caught).

Vanquished Creatures
  Sigmund (D:4)
  An ice beast (D:5)
  2 centaurs
  4 slaves
  Blork the orc (D:4)
  3 orc wizards
  A centaur skeleton (D:5)
  An orc priest (D:3)
  A giant frog skeleton (D:6)
  A worker ant (D:5)
  9 adders
  7 gnolls
  An ooze (D:3)
  5 worms
  An adder skeleton (D:4)
  20 orcs
  4 ball pythons
  10 bats
  A bat skeleton (D:5)
  5 giant cockroaches
  14 hobgoblins
  5 kobolds
  4 quokkas
  A giant gecko (D:5)
  9 giant newts
  12 goblins
  5 jackals
  A jackal skeleton (D:4)
  A quokka skeleton (D:5)
  10 rats
141 creatures vanquished.

Action                   |  1- 3 |  4- 6 |  7- 9 || total
-------------------------+-------+-------+-------++-------
Melee: Falchion          |   189 |    73 |       ||   262
       Scimitar          |       |   285 |   228 ||   513
Throw: Throwing net      |       |       |     1 ||     1
Evoke: Wand              |       |     2 |       ||     2
  Use: Scroll            |       |     8 |     4 ||    12
 Stab: Invisible         |       |     3 |       ||     3

Vault maps used:
D:1:      tarquinn_simple_flora_water_a
D:2:      fedhas_altar_4, cheibriados_altar_1, overflow_temple_1_default,
          nicolae_overflow_crystal_walls, first_bread, minmay_goblin_outpost
D:3:      lemuel_coloured_pillars_altar
D:4:      kiku_gazebo_pond_becter, led_sif_pool, lemuel_angel_altar,
          uniq_sigmund, uniq_blork_the_orc
D:5:      nicolae_overflow_hidden_temple, uniq_pikel
D:6:      minmay_temple_entry_poolview, serial_glass, glass_columns_b,
          glass_columns_a, glass_columns_b, glass_columns_b, glass_columns_b
Temple:   minmay_temple_bridge_b_8
